Map: Neon Violet Square LE

Players

JohnSnow - Winner!

  • Race: Terran Terran
  • Spawn Location: 11:00

A.I. 1 (Hard)

  • Race: Terran Terran
  • Spawn Location: 5:00

VOD

Have the link to the VOD?

Description

Time

  • Played on: Jan. 12, 2018, 4:28 p.m.
  • Length: 16:08
Show
View Real Time Build Order
Export as new Build Order

JohnSnow Terran - Winner!

Build Orders:  

Get SALT Encoding   

  13  0:07  SCV  
  13  0:19  SCV  
  14  0:23  Supply Depot  
  14  0:31  SCV  
  15  0:45  SCV  
  15  0:49  Barracks  
  16  0:56  Refinery  
  16  0:57  SCV  
  17  1:09  SCV  
  18  1:21  SCV  
  19  1:34  SCV  
  20  1:48  Reaper  
  21  2:00  Command Center  
  21  2:08  SCV  
  21  2:09  Barracks  
  22  2:42  SCV  
  23  2:51  Factory  
  23  2:53  Barracks Reactor  
  23  3:06  SCV  
  23  3:09  Barracks Tech Lab  
  23  3:10  Supply Depot  
  23  3:29  Supply Depot  
  23  3:30  Marine x2  
  25  3:39  Marine  
  26  3:46  Orbital Command  
  26  3:48  Orbital Command, Marine x2  
  28  3:57  Marine  
  29  4:05  Supply Depot  
  29  4:06  Marine x2  
  31  4:15  Factory Tech Lab, Marine  
  32  4:24  Starport  
  32  4:40  SCV x2  
  32  4:42  Marine x3  
  37  4:48  Cyclone  
  37  4:52  SCV x2  
  42  5:00  Supply Depot, Marine x2  
  42  5:04  SCV  
  45  5:14  SCV  
  46  5:16  SCV  
  47  5:22  Bunker  
  47  5:25  Engineering Bay  
  47  5:26  SCV  
  47  5:28  SCV  
  49  5:29  Stimpack  
  49  5:33  Medivac  
  51  5:46  Refinery  
  51  5:55  Barracks  
  51  6:01  Refinery  
  51  6:08  Supply Depot  
  51  6:13  Siege Tank  
  51  6:14  Marine  
  51  6:15  Marine  
  51  6:16  Marine  
  57  6:28  SCV x2  
  57  6:32  Marine  
  59  6:33  Marine  
  59  6:34  Marauder  
  59  6:39  Supply Depot  
  63  6:40  SCV x2  
  65  6:48  Siege Tank  
  65  6:50  Marine  
  65  6:51  Marine  
  65  6:52  SCV  
  71  6:55  Marine  
  72  7:03  Refinery  
  72  7:08  Marine  
  73  7:09  Marine  
  74  7:16  Armory  
  71  7:28  Supply Depot  
  68  7:33  Marine x3  
  71  7:38  Terran Infantry Weapons Level 1  
  71  7:44  Marine  
  72  7:47  Siege Tank  
  72  7:48  Medivac  
  72  7:51  Marine x3  
  80  8:01  Marine  
  81  8:14  Marine x3  
  81  8:19  Marine, Siege Tank  
  88  8:32  Marine  
  88  8:33  Marauder  
  91  8:54  Marauder  
  93  9:15  Marauder  
  59  9:32  Terran Infantry Armor Level 1  
  57  9:40  Marine  
  57  9:41  Marine x3  
  57  9:45  Siege Tank  
  64  9:46  Medivac  
  67  9:52  SCV  
  67  9:53  SCV  
  67  9:58  Marine x2  
  67  9:59  Marauder  
  72  10:04  SCV  
  72  10:05  SCV  
  74  10:16  Medivac  
  74  10:17  SCV, Siege Tank  
  74  10:19  Supply Depot  
  74  10:21  Marauder  
  82  10:27  Command Center  
  82  10:31  Terran Vehicle Weapons Level 1  
  79  10:38  Marine x3  
  79  10:41  Barracks  
  79  10:42  Marauder  
  73  10:47  Medivac  
  73  10:49  Thor  
  78  10:56  Marine x2  
  80  11:04  Marauder  
  81  11:11  Marine  
  82  11:14  Marine x2  
  82  11:17  Medivac  
  86  11:25  Marauder  
  88  11:26  Terran Infantry Weapons Level 2  
  88  11:28  Marine  
  88  11:31  Marine  
  88  11:32  Marine  
  91  11:46  Marine, Marauder  
  94  11:47  Medivac  
  94  11:49  Marine x2  
  94  11:53  Orbital Command  
  98  11:57  Refinery  
  98  12:04  Marine  
  98  12:05  Barracks  
  98  12:07  Marine x3  
  96  12:17  Medivac  
  96  12:21  Siege Tank  
  96  12:22  Marine  
  102  12:25  Marine x3  
  102  12:26  Terran Vehicle And Ship Armor Level 1  
  105  12:33  SCV  
  105  12:34  SCV x2  
  108  12:45  Marine x4  
  108  12:46  SCV x3  
  115  13:01  Supply Depot  
  115  13:02  Marine x2  
  117  13:23  Siege Tank, Marine x2, Medivac  
  124  13:28  Marine  
  125  13:41  Supply Depot  
  125  13:42  Terran Infantry Armor Level 2  
  125  13:46  Supply Depot  
  125  13:49  Marine x4  
  125  13:53  Medivac  
  131  14:03  Thor  
  131  14:06  Marine x3  
  111  15:38  Marine x4  
Show
View Real Time Build Order
Export as new Build Order

A.I. 1 (Hard) Terran 

Build Orders: MMM Bio 

Get SALT Encoding   

  12  0:00  SCV  
  13  0:13  SCV  
  14  0:20  Supply Depot  
  14  0:25  SCV  
  15  0:42  SCV  
  16  0:44  Barracks  
  16  0:49  Refinery  
  16  0:54  SCV  
  17  1:06  SCV  
  18  1:18  SCV  
  18  1:21  Supply Depot  
  19  1:30  SCV  
  19  1:32  Marine  
  21  1:41  Barracks  
  21  1:43  Orbital Command  
  21  1:49  Refinery  
  21  1:52  Barracks Tech Lab  
  21  2:08  Supply Depot  
  21  2:09  Marine  
  22  2:27  Marine  
  23  2:31  Marine  
  24  2:44  Supply Depot  
  24  2:45  Marine  
  24  2:50  Marine  
  26  3:03  Marine  
  27  3:08  Marine  
  28  3:17  Supply Depot  
  29  3:20  SCV  
  29  3:21  Marine  
  30  3:27  Marine  
  30  3:32  Engineering Bay, SCV  
  32  3:39  Marauder  
  34  3:44  SCV  
  34  3:45  Marine  
  36  3:56  SCV  
  36  4:00  Marine  
  38  4:08  SCV  
  39  4:18  Marauder  
  39  4:20  SCV  
  42  4:40  Marauder  
  44  5:01  Marauder  
  46  5:22  Marauder  
  48  6:27  Barracks Tech Lab  
  48  6:28  Stimpack, Terran Infantry Weapons Level 1  
  48  6:30  Factory  
  48  6:33  Factory  
  48  6:34  Command Center, Supply Depot  
  48  6:36  Missile Turret  
  48  6:38  Missile Turret  
  48  6:41  Barracks  
  48  6:44  Combat Shields  
  48  6:58  Supply Depot  
  48  6:59  Bunker  
  48  7:13  Factory Tech Lab  
  48  7:16  Widow Mine  
  48  7:19  Starport  
  37  7:23  Marine  
  29  7:31  Marine  
  30  7:38  Factory Tech Lab  
  30  7:39  Marine  
  31  7:47  Marine, SCV  
  31  7:49  Starport, SCV  
  34  7:54  Refinery  
  34  7:55  Marine, Sensor Tower  
  34  7:57  Refinery, Starport Tech Lab  
  35  7:59  SCV  
  35  8:01  SCV  
  35  8:03  Marine  
  38  8:09  Armory  
  38  8:11  Marine, SCV  
  40  8:13  SCV  
  40  8:17  Raven  
  40  8:18  Marine  
  44  8:22  Barracks Reactor, Terran Infantry Armor Level 1  
  44  8:23  SCV  
  44  8:25  SCV  
  44  8:26  Starport Tech Lab  
  46  8:28  Marine  
  47  8:35  SCV  
  47  8:37  SCV, Marauder  
  51  8:45  Raven  
  51  8:47  SCV, Marauder  
  56  8:49  SCV  
  56  8:50  Siege Tank  
  60  8:58  Siege Tank  
  60  9:00  SCV  
  60  9:01  SCV  
  65  9:06  Concussive Shells, Marauder  
  67  9:12  SCV  
  67  9:13  SCV  
  67  9:14  Marine  
  69  9:23  Widow Mine  
  69  9:24  SCV  
  72  9:25  SCV  
  73  9:31  Marine  
  73  9:36  SCV  
  67  9:39  Marine  
  66  9:47  Marine  
  67  9:55  Marine  
  68  10:02  Marine  
  69  10:10  Marine  
  70  10:18  Marine  
  71  10:26  Marine  
  72  10:31  Medivac x2  
  72  10:32  Marauder  
  72  10:33  Supply Depot, Terran Infantry Weapons Level 2  
  75  10:37  Marine  
  75  10:38  Ghost Academy  
  75  10:42  Marine  
  74  10:44  Command Center  
  74  10:47  Marine  
  75  10:54  Marauder  
  77  10:57  Supply Depot, Marine  
  77  11:01  Raven, Medivac  
  77  11:02  Marine  
  79  11:07  Marine  
  80  11:15  Marine  
  80  11:17  Marine  
  76  11:22  Marine  
  72  11:27  Supply Depot, Marine, Terran Vehicle Weapons Level 1  
  73  11:33  Marine  
  73  11:38  Marauder  
  76  11:42  Fusion Core, Marine  
  77  11:47  Marine  
  77  11:48  Engineering Bay  
  77  11:52  Armory, Marine  
  79  11:59  SCV, Marauder  
  79  12:00  SCV  
  83  12:02  SCV  
  83  12:06  Marauder  
  83  12:08  Viking  
  88  12:11  Refinery, SCV  
  88  12:12  Missile Turret, SCV  
  88  12:13  Viking, Terran Infantry Armor Level 2  
  88  12:14  SCV  
  93  12:17  Missile Turret  
  93  12:21  Marauder  
  95  12:23  SCV  
  95  12:24  SCV  
  95  12:26  Ghost  
  95  12:27  SCV  
  100  12:35  SCV  
  100  12:36  SCV  
  102  12:37  Bunker  
  102  12:39  Terran Vehicle And Ship Armor Level 1, SCV  
  102  12:42  Marauder  
  105  12:47  SCV  
  105  12:49  SCV  
  105  12:51  Supply Depot, SCV  
  108  12:55  Ghost  
  110  13:03  Marauder  
  112  13:15  Refinery  
  112  13:21  Terran Ship Weapons Level 1  
  112  14:34  Raven, Marauder  
  112  14:38  Raven, Bunker  
  97  14:39  Hellion  
  97  14:43  Hellion  
  84  14:46  Supply Depot  
  84  14:47  Marine  
  84  14:49  SCV  
  84  14:51  SCV  
  84  14:52  Marine  
  71  15:00  Hellion  
  71  15:01  Marine, SCV  
  71  15:03  SCV  
  71  15:05  Hellion  
  75  15:10  Supply Depot, Marauder  
  75  15:13  SCV  
  71  15:15  Marine, SCV  
  71  15:20  Marine  
  130  15:21  Medivac  
  75  15:24  Hellion  
  75  15:25  SCV  
  75  15:28  Hellion  
  69  15:32  Marine  
  53  15:38  Marine  
  44  15:46  Marine, Hellion  
  40  15:54  SCV  
Tags
 
Composition
MMM Bio
Matchup
TvT
Race
Terran
Spawn Locations
Cross Positions
Add a new tag
Caveats
  • Supply blocks, unpowered buildings, or Contaminate may cause inaccurate times.
  • Supply counts are checked every 10 seconds.